 Dungeon Crawl Stone Soup version 0.16.1-4-g8e1b745 (webtiles) character file.

33427 magipi the Impaler (level 13, -3/107 HPs)
             Began as a Centaur Warper on Mar 26, 2015.
             Was an Elder of Fedhas.
             Slain by an orc warrior
             ... wielding a +0 short sword
              (8 damage)
             ... on level 1 of the Orcish Mines.
             The game lasted 02:30:58 (26865 turns).

magipi the Impaler (Centaur Warper)                Turns: 26865, Time: 02:30:58

Health: -3/107     AC:  9    Str: 15    XL:     13   Next: 36%
Magic:  7/7        EV: 12    Int: 12    God:    Fedhas [****..]
Gold:   802        SH:  0    Dex: 18    Spells: 2 memorised, 13 levels left

rFire  + . .     SeeInvis +     a - +4 glaive "Brush" {chop, -Tele +Rage rPois rN+ MP-9}
rCold  . . .     Clarity  .     t - +1 leather armour {rF+}
rNeg   + . .     SustAb   .     (no shield)
rPois  +         Gourm    +     y - +1 hat
rElec  .         Spirit   .     (no cloak)
rCorr  .         Warding  .     l - +2 pair of gloves {archery}
rMut   .         NoTele   +     (no barding)
MR     .....                    z - amulet of the gourmand
Stlth  ++........               r - +3 ring of evasion
                                L - ring of see invisible

@: agile, held, very quick, not resistant to hostile enchantments, unstealthy
A: hooves 3, deformed body, speed 2, tough skin 3
a: Evolution, Sunlight, Growth, Reproduction, Renounce Religion, Evoke Berserk
Rage


You were on level 1 of the Orcish Mines.
You worshipped Fedhas.
Fedhas was greatly pleased with you.
You were not hungry.

You visited 4 branches of the dungeon, and saw 22 of its levels.

You collected 1202 gold pieces.
You spent 400 gold pieces at shops.

Inventory:

Hand weapons
 a - the +4 glaive "Brush" (weapon) {chop, -Tele +Rage rPois rN+ MP-9}
   (You acquired it on level 3 of the Lair of Beasts)

   It inflicts extra damage upon your enemies.
   It protects you from poison.
   It protects you from negative energy.
   It affects your magic capacity (-9).
   It lets you go berserk.
   It prevents most forms of teleportation.
 b - a +0 blowgun
 w - a +4 trident of protection
Missiles
 e - 3 tomahawks of dispersal (quivered)
 g - 38 poisoned needles
 C - 18 tomahawks
Armour
 l - a +2 pair of gloves of archery (worn)
 n - a +2 scale mail of cold resistance
 t - a +1 leather armour of fire resistance (worn)
 x - a +1 robe of magic resistance
 y - a +1 hat (worn)
Jewellery
 r - a +3 ring of evasion (right hand)
 z - an amulet of the gourmand (around neck)
 L - a ring of see invisible (left hand)
Magical devices
 u - a wand of magic darts (17)
 D - a wand of digging (15)
 E - a wand of polymorph (3)
 H - a wand of disintegration (15)
 J - a wand of enslavement (17)
 N - a wand of fireball (3)
 O - a wand of lightning (2)
Scrolls
 d - 7 scrolls of blinking
 h - 3 scrolls of immolation
 m - 3 scrolls of fog
 s - a scroll of magic mapping
 v - 8 scrolls of remove curse
 A - 2 scrolls of recharging
 B - 3 scrolls of amnesia
 M - 4 scrolls of teleportation
 R - 5 scrolls of enchant armour
 S - 4 scrolls of fear
Potions
 i - 4 potions of cure mutation
 o - a potion of haste
 F - 2 potions of restore abilities
 K - a potion of lignification
 U - 3 potions of curing
 W - 6 potions of might
Books
 c - a book of Spatial Translocations

   Spells                             Type                      Level
   a - Apportation                    Translocation                1
   b - Blink                          Translocation                2
   c - Shroud of Golubria             Charms/Translocation         2
   d - Portal Projectile              Translocation                3
   e - Teleport Other                 Translocation                3
   f - Passage of Golubria            Translocation                4
 k - a book of Battle

   Spells                             Type                      Level
   a - Infusion                       Charms                       1
   b - Shroud of Golubria             Charms/Translocation         2
   c - Song of Slaying                Charms                       2
   d - Spectral Weapon                Hexes/Charms                 3
   e - Regeneration                   Charms/Necromancy            3
 V - a book of Callings

   Spells                             Type                      Level
   a - Summon Small Mammal            Summoning                    1
   b - Call Imp                       Summoning                    2
   c - Call Canine Familiar           Summoning                    3
   d - Summon Guardian Golem          Hexes/Summoning              4
   e - Summon Lightning Spire         Summoning/Air                4
   f - Summon Ice Beast               Ice/Summoning                4
Comestibles
 f - 12 bread rations
 q - 8 meat rations
 G - 5 beef jerkies
 I - a chunk of flesh
 P - 5 slices of pizza
 Q - 5 fruits


   Skills:
 - Level 8.0 Fighting
 + Level 16.2 Polearms
 - Level 1.3 Throwing
 - Level 0.6 Armour
 - Level 8.3 Dodging
 - Level 2.0 Spellcasting
 - Level 5.0 Translocations


You had 13 spell levels left.
You knew the following spells:

 Your Spells              Type           Power        Failure   Level  Hunger
a - Apportation           Tloc           ##........   4%          1    ##.....
b - Blink                 Tloc           N/A          8%          2    ###....


Dungeon Overview and Level Annotations

Branches:
Dungeon (12/15)            Temple (1/1) D:5            Lair (7/8) D:11
  Swamp (0/5) Lair:6       Spider (0/5) Lair:6          Orc (2/4) D:9
  Slime: Lair:6-8

Altars:
Ashenzari
Cheibriados
Dithmenos
Elyvilon
Fedhas
Gozag
Kikubaaqudgha
Makhleb
Nemelex Xobeh
Okawaru
Qazlal
Ru
Sif Muna
Trog
Vehumet
Xom
Yredelemnul
Zin
The Shining One

Shops:
D:4 [   D:5 :   D:7 [   D:11 =

Annotations:
D:8 Erolcha
Lair:6 Nergalle, Rupert, Snorg
Orc:1 Maurice


Innate Abilities, Weirdness & Mutations

You have hooves in place of feet.
Armour fits poorly on your strangely shaped body.
You cover ground very quickly.
You have extremely tough skin (AC +3).

Vault maps used:
D:1:      lemuel_arrival_tunnels
D:2:      first_bread, uniq_iyjb
D:3:      patterned_corridor
D:4:      serial_shops, kennysheep_mini_moat
D:5:      minmay_temple_entry_mist, serial_shops, shop, uniq_menkaure
D:7:      grunt_dithmenos_shadows, serial_shops, shop
D:8:      minitemple, uniq_erolcha
D:9:      orc_0_dummy, grunt_ogre_cave
D:10:     nicolae_ru_the_path_less_chosen
D:11:     grunt_lair_entry_elf_guard_hut, serial_shops, kennysheep_mini
D:12:     serial_curves, eino_curves_03, eino_curves_04, eino_curves_04,
          cheibriados_altar_1
Temple:   triangle_lava_temple_12
Lair:4:   roderic_ravens_nest, serial_bayou_lake_a, infiniplex_staircase_pool_2
Lair:5:   minmay_lair_drake_nest
Lair:6:   minmay_swamp_entry_worms, dummy_spider_entry, uniq_nergalle,
          uniq_rupert, uniq_snorg
Orc:1:    nicolae_for_you_no_charge, uniq_maurice
Orc:2:    uniq_sonja


Message History

No target in view!
You offer a prayer to Fedhas.
Some toadstools grow from nearby corpses.
Fedhas appreciates your contribution to the ecosystem.
Fedhas is greatly pleased with you.
There is a stone staircase leading down here.
An orc priest and an orc wizard come into view.
The orc priest shouts!
The orc wizard shouts! 2 orcs come into view.
An orc warrior comes into view. It is wielding a short sword.
The orc warrior shouts!
The orc shouts!
The orc warrior moves out of view.
An orc warrior comes into view. It is wielding a glaive.
The orc warrior shouts!
An orc and Maurice come into view.
Maurice shouts!
The orc shouts!
Maurice gestures wildly while chanting.
Maurice seems to move somewhat quicker.
The orc priest looks braver.
The orc wizard mumbles some strange words.
The orc wizard blinks!
The orc wizard gestures at you while chanting.
You easily resist.
The orc barely misses you.
You closely miss the orc priest.
The orc hits you with a mace of crushing.
Maurice zaps a wand.
The bolt of lightning hits the orc.
The orc dies!
The bolt of lightning hits the orc.
The orc dies!
The bolt of lightning misses you.
It is a wand of lightning.
The orc warrior hits you but does no damage.
Press: ? - help, v - describe, . - travel
Here: an orc, wielding a hand axe of chopping The floor.
Unknown command.
You completely miss the orc. You kick the orc, but do no damage.
A nearby toadstool withers and dies.
The orc wizard casts a spell at you. The magic dart hits you!
The orc closely misses you.
The orc priest becomes somewhat translucent.
Maurice casts a spell.
Maurice flickers and vanishes for a moment.
You barely miss the orc. You kick the orc.
The orc is heavily wounded.
The orc warrior hits you with a short sword.
The orc wizard completely misses you.
The orc warrior hits you from afar with a glaive.
Maurice zaps a wand.
The bolt of lightning hits the orc.
The orc dies!
The bolt of lightning misses you. The orc wizard barely misses you.
The orc warrior hits you with a short sword!
The orc priest hits you.
You hit the orc priest! Your kick misses the orc priest.
The orc priest is severely wounded.
The orc warrior hits you from afar with a glaive!
The orc wizard hits you with a dagger. The orc priest completely misses you.
The orc warrior hits you but does no damage.
You hit the orc priest.
You kill the orc priest!
The orc warrior completely misses you. The orc wizard barely misses you.
The orc warrior misses you.
You hit the orc warrior!
The orc warrior is heavily wounded.
The orc wizard closely misses you.
You closely miss Maurice. The orc warrior barely misses you.
The orc warrior hits you from afar with a glaive!
Maurice hits you with a dagger. Maurice steals your throwing net!
Unknown command.
You hit Maurice! You kick Maurice.
Maurice is moderately wounded.
The orc wizard closely misses you. The orc warrior closely misses you.
The orc warrior hits you from afar with a glaive!
* * * LOW HITPOINT WARNING * * *
Maurice throws a throwing net.
The throwing net hits you.
You become entangled in the net!
The orc wizard hits you but does no damage.
You see here a throwing net.
You slice into the net.
Maurice says, "Nice gear.
Can I borrow some?"
The orc wizard hits you but does no damage.
The orc warrior hits you with a short sword!
* * * LOW HITPOINT WARNING * * *
Unknown command.
Cast which spell? (? or * to list)
You cannot teleport because you are wielding the +4 glaive "Brush" {chop, -Tele +Rage rPois rN+ MP-9}.
Unknown command.
Drink which item? (? for menu, Esc to quit)
You feel agile all of a sudden. Maurice hits you with a dagger.
* * * LOW HITPOINT WARNING * * *
Maurice steals your uncursed ring of sustain abilities!
Maurice puts on an uncursed ring of sustain abilities.
The orc warrior hits you from afar with a glaive!
* * * LOW HITPOINT WARNING * * *
The orc wizard closely misses you.
The orc warrior hits you with a short sword!
You die...
Fedhas appreciates your contribution to the ecosystem.

...## ^.#
......#..###
.#..........#
.#...........
........#)..#
............##.##
.......[.o..#...#
.........@o.....#
...#....o@.....#
...........#...##
..........$....##
................##
.........>.......#
.......P.........##
.......).....#.###
#......P).....##
......P#P.....#


You could see Maurice (invisible), 2 orc warriors and an orc wizard.

Table legend:
 A = Kills in this place as a percentage of kills in entire the game.
 B = Kills by you in this place as a percentage of kills by you in the entire game.
 C = Kills by friends in this place as a percentage of kills by friends in the entire game.
 D = Other kills in this place as a percentage of other kills in the entire game.
 E = Experience gained in this place as a percentage of experience gained in the entire game.
 F = Experience gained in this place divided by the number of levels of this place that you have seen.
                   A       B       C       D       E      F
               +-------+-------+-------+-------+-------+----------------------
         Total | 100.0 | 100.0 | 100.0 | 100.0 | 100.0 | 2170.6
       Dungeon |  64.1 |  64.4 |  58.3 |  50.0 |  38.8 | 1543.7
          Lair |  30.4 |  30.0 |  41.7 |   0.0 |  59.9 | 4085.0
  Orcish Mines |   5.5 |   5.6 |   0.0 |  50.0 |   1.3 | 317.0
               +-------+-------+-------+-------+-------+----------------------

Vanquished Creatures
  4 hydras
  2 death yaks (Lair:6)
  3 hill giants
  2 griffons (Lair:6)
  An ugly thing (D:11)
  A black mamba (Lair:5)
  6 spiny frogs
  6 elephants
  3 fire drakes (Lair:5)
  4 komodo dragons
  4 trolls
  2 ravens (Lair:4)
  4 blink frogs
  A shadow (D:12)
  A deep elf mage (D:11)
  3 basilisks
  A wyvern (Lair:7)
  26 yaks
  A hungry ghost (D:10)
  2 deep elf fighters (D:11)
  15 wolves
  4 hippogriffs
  10 water moccasins
  A swamp worm (Lair:6)
  Menkaure (D:5)
  A warg (Orc:1)
  4 porcupines
  5 ogres
  2 sky beasts
  5 orc warriors
  A black bear (Lair:4)
  3 ice beasts
  4 phantoms
  7 centaurs
  12 crocodiles
  17 giant frogs
  4 killer bees
  A gnoll sergeant (D:7)
  7 scorpions
  A water moccasin zombie (D:8)
  2 electric eels (Lair:4)
  5 wights
  4 crimson imps
  3 jellies
  A goliath beetle (D:6)
  2 centaur zombies
  9 orc priests
  A quasit (D:12)
  2 giant frog skeletons
  7 hounds
  9 worker ants
  2 centaur skeletons
  15 orc wizards
  3 iguanas
  11 sheep
  Ijyb (D:2)
  A hound zombie (D:6)
  A hound skeleton (D:7)
  9 gnolls
  19 river rats
  24 adders
  A giant mite (D:3)
  4 shadow imps
  2 worms
  2 adder skeletons
  An ooze (D:1)
  61 orcs
  21 bats
  3 bat skeletons
  A bat zombie (D:7)
  7 giant cockroaches
  18 hobgoblins
  6 jackals
  8 kobolds
  13 quokkas
  A ball python (D:8)
  4 giant geckos
  A giant gecko zombie (D:7)
  8 giant newts
  14 goblins
  A jackal skeleton (D:4)
  26 rats
516 creatures vanquished.

Vanquished Creatures (collateral kills)
  A death yak (Lair:6)
  A griffon (Lair:3)
  A spiny frog (Lair:1)
  A centaur skeleton (D:9)
  A fire drake (Lair:5)
  A giant leech (Lair:6)
  A troll (D:10)
  2 blink frogs (Lair:6)
  An ogre (D:8)
  A crocodile (Lair:1)
  A gnoll sergeant (D:10)
  A giant frog (Lair:6)
  A scorpion (D:9)
  2 wights (D:10)
  A hound zombie (D:7)
  An adder (Lair:6)
  4 gnolls
  A worm (D:6)
  An orc (D:6)
24 creatures vanquished.

Vanquished Creatures (others)
  2 oklob plants (Lair:6)
  A yak (D:10)
  13 wandering mushrooms
  A jelly (D:10)
  3 orcs (Orc:1)
  4 giant spores
  2 fungi
  270 toadstools
296 creatures vanquished.

Grand Total: 836 creatures vanquished

Notes
Turn   | Place    | Note
--------------------------------------------------------------
     0 | D:1      | magipi, the Centaur Warper, began the quest for the Orb.
     0 | D:1      | Reached XP level 1. HP: 17/17 MP: 2/2
   222 | D:1      | Reached XP level 2. HP: 24/24 MP: 3/3
   671 | D:1      | Reached skill level 3 in Translocations
   916 | D:2      | Noticed Ijyb
  1078 | D:2      | Killed Ijyb
  1078 | D:2      | Reached XP level 3. HP: 18/29 MP: 6/6
  1760 | D:3      | Reached XP level 4. HP: 22/36 MP: 6/6
  1764 | D:3      | Learned a level 2 spell: Blink
  2990 | D:3      | Reached XP level 5. HP: 34/41 MP: 8/8
  3203 | D:4      | Reached skill level 4 in Translocations
  3513 | D:4      | Found Gymm's Antique Armour Boutique.
  3516 | D:4      | Bought a pair of embroidered gloves for 117 gold pieces
  3529 | D:4      | Reached XP level 6. HP: 33/48 MP: 9/9
  4397 | D:4      | Reached skill level 5 in Translocations
  4505 | D:5      | Entered Level 5 of the Dungeon
  4516 | D:5      | Found a staircase to the Ecumenical Temple.
  4525 | Temple   | Entered the Ecumenical Temple
  4529 | Temple   | Became a worshipper of Fedhas Madash
  4649 | D:5      | Noticed Menkaure
  4752 | D:5      | Reached skill level 5 in Polearms
  4844 | D:5      | Reached XP level 7. HP: 32/55 MP: 10/10
  5166 | D:5      | Reached skill level 6 in Polearms
  5650 | D:5      | Reached skill level 7 in Polearms
  5655 | D:5      | Acquired Fedhas' first power
  5709 | D:5      | Found Shaopes' Book Emporium.
  5986 | D:6      | Reached XP level 8. HP: 38/61 MP: 11/11
  6124 | D:6      | Reached skill level 8 in Polearms
  6946 | D:6      | HP: 2/61 [poison (a potion of poison)]
  7435 | D:6      | Reached skill level 9 in Polearms
  8095 | D:7      | Found a shadowy altar of Dithmenos.
  8194 | D:7      | Found Cavalauh's Antique Armour Boutique.
  8533 | D:7      | Reached skill level 10 in Polearms
  8533 | D:7      | Reached XP level 9. HP: 67/67 MP: 12/12
  9370 | D:7      | Bought an embroidered robe for 13 gold pieces
  9487 | D:5      | Killed Menkaure
 10036 | D:8      | Noticed Erolcha
 10817 | D:8      | Found a bloodstained altar of Trog.
 10817 | D:8      | Found a deep blue altar of Sif Muna.
 10817 | D:8      | Found a white marble altar of Elyvilon.
 10820 | D:8      | Found a sacrificial altar of Ru.
 10821 | D:8      | Found an iron altar of Okawaru.
 10834 | D:8      | Found a snail-covered altar of Cheibriados.
 11171 | D:8      | Paralysed by Erolcha for 2 turns
 11456 | D:9      | Reached skill level 5 in Fighting
 11802 | D:9      | Reached XP level 10. HP: 38/83 MP: 13/13
 12302 | D:8      | Reached skill level 5 in Dodging
 12408 | D:8      | Acquired Fedhas' second power
 13077 | D:9      | Found a staircase to the Orcish Mines.
 13273 | D:10     | Entered Level 10 of the Dungeon
 14533 | D:10     | Found a sacrificial altar of Ru.
 14963 | D:11     | Noticed an eight-headed hydra
 15218 | D:11     | Found Maem's Jewellery Shoppe.
 15221 | D:11     | Bought an uncursed ring of see invisible for 270 gold pieces
 15260 | D:11     | Noticed a brown ugly thing
 15303 | D:11     | Killed a brown ugly thing
 15398 | D:11     | Reached XP level 11. HP: 81/94 MP: 14/14
 15429 | D:11     | Noticed a six-headed hydra
 15530 | D:11     | Killed a six-headed hydra
 15598 | D:11     | Acquired Fedhas' third power
 15917 | D:11     | Killed an eight-headed hydra
 15917 | D:11     | Reached skill level 11 in Polearms
 16113 | D:11     | Noticed a hill giant
 16191 | D:11     | Killed a hill giant
 16386 | D:11     | Found a staircase to the Lair.
 16625 | D:12     | Noticed a skeletal warrior
 16683 | D:12     | Noticed a hill giant
 16698 | D:12     | Killed a hill giant
 17086 | D:12     | Noticed a skeletal warrior
 17125 | Lair:1   | Entered Level 1 of the Lair of Beasts
 17458 | Lair:1   | Reached skill level 12 in Polearms
 19152 | Lair:3   | Reached XP level 12. HP: 62/101 MP: 16/16
 19764 | Lair:3   | Reached skill level 13 in Polearms
 19907 | Lair:3   | Identified a scroll of acquirement
 19910 | Lair:3   | Got a crystal glaive
 19911 | Lair:3   | Identified the +4 glaive "Brush" {chop, -Tele +Rage rPois rN+ MP-9} (You acquired it on level 3 of the Lair of Beasts)
 19974 | Lair:4   | Got an encrusted leather armour
 19995 | Lair:3   | Identified the +1 leather armour "Odynoo" {rPois} (You acquired it on level 4 of the Lair of Beasts)
 21079 | Lair:4   | Noticed a five-headed hydra
 21171 | Lair:4   | Killed an eight-headed hydra
 21565 | Lair:5   | Reached skill level 14 in Polearms
 23061 | Lair:5   | Reached skill level 15 in Polearms
 23162 | Lair:6   | Acquired Fedhas' fourth power
 23334 | Lair:6   | Found a hole to the Spider Nest.
 23361 | Lair:6   | Noticed Nergalle
 23550 | Lair:5   | Noticed a six-headed hydra
 23598 | Lair:5   | Killed a six-headed hydra
 23666 | Lair:6   | Noticed Snorg
 23840 | Lair:5   | You fall through a shaft for 2 floors!
 23863 | Lair:7   | Reached XP level 13. HP: 64/107 MP: 6/16
 23998 | Lair:7   | Got a crude shield
 23999 | Lair:7   | Identified the +1 shield "Hadda" {+Blink rN+ MR+ MP-9 Dex-3} (You found it on level 7 of the Lair of Beasts)
 24084 | Lair:6   | Found a staircase to the Swamp.
 25872 | Lair:6   | Noticed Rupert
 26012 | Lair:6   | Reached skill level 16 in Polearms
 26276 | D:10     | Noticed a hill giant
 26307 | D:10     | Killed a hill giant
 26456 | Orc:1    | Entered Level 1 of the Orcish Mines
 26851 | Orc:1    | Noticed Maurice
 26865 | Orc:1    | HP: 5/107 [orc warrior/glaive (8)]
 26865 | Orc:1    | Slain by an orc warrior

Action                   |  1- 3 |  4- 6 |  7- 9 | 10-12 | 13-15 || total
-------------------------+-------+-------+-------+-------+-------++-------
Melee: Spear             |   173 |   139 |       |       |       ||   312
       Trident           |       |   163 |   593 |  1092 |       ||  1848
       Glaive            |       |       |       |   264 |   283 ||   547
 Fire: Blowgun           |       |    10 |    60 |    16 |       ||    86
Throw: Tomahawk          |       |       |     2 |       |       ||     2
 Cast: Blink             |       |     1 |       |       |       ||     1
Invok: Evolution         |       |       |     2 |     9 |     4 ||    15
Evoke: Wand              |       |       |     4 |     2 |       ||     6
  Use: Scroll            |     2 |     6 |     5 |    14 |     6 ||    33
       Potion            |       |       |     5 |     2 |     1 ||     8
 Stab: Confused          |       |       |     1 |     4 |       ||     5
  Eat: Chunk             |     2 |     8 |     9 |    27 |     6 ||    52
       Fruit             |       |       |     6 |       |     1 ||     7
       Bread ration      |       |       |     1 |       |       ||     1
       Pizza             |       |       |     1 |       |       ||     1
       Royal jelly       |       |       |       |     2 |     1 ||     3
       Beef jerky        |       |       |       |     1 |       ||     1

Action                   |  1- 3 |  4- 6 |  7- 9 | 10-12 | 13-15 || total
-------------------------+-------+-------+-------+-------+-------++-------
Melee: Spear             |   173 |   139 |       |       |       ||   312
       Trident           |       |   163 |   593 |  1092 |       ||  1848
       Glaive            |       |       |       |   264 |   283 ||   547
 Fire: Blowgun           |       |    10 |    60 |    16 |       ||    86
Throw: Tomahawk          |       |       |     2 |       |       ||     2
 Cast: Blink             |       |     1 |       |       |       ||     1
Invok: Evolution         |       |       |     2 |     9 |     4 ||    15
Evoke: Wand              |       |       |     4 |     2 |       ||     6
  Use: Scroll            |     2 |     6 |     5 |    14 |     6 ||    33
       Potion            |       |       |     5 |     2 |     1 ||     8
 Stab: Confused          |       |       |     1 |     4 |       ||     5
  Eat: Chunk             |     2 |     8 |     9 |    27 |     6 ||    52
       Fruit             |       |       |     6 |       |     1 ||     7
       Bread ration      |       |       |     1 |       |       ||     1
       Pizza             |       |       |     1 |       |       ||     1
       Royal jelly       |       |       |       |     2 |     1 ||     3
       Beef jerky        |       |       |       |     1 |       ||     1

Action                   |  1- 3 |  4- 6 |  7- 9 | 10-12 | 13-15 || total
-------------------------+-------+-------+-------+-------+-------++-------
Melee: Spear             |   173 |   139 |       |       |       ||   312
       Trident           |       |   163 |   593 |  1092 |       ||  1848
       Glaive            |       |       |       |   264 |   283 ||   547
 Fire: Blowgun           |       |    10 |    60 |    16 |       ||    86
Throw: Tomahawk          |       |       |     2 |       |       ||     2
 Cast: Blink             |       |     1 |       |       |       ||     1
Invok: Evolution         |       |       |     2 |     9 |     4 ||    15
Evoke: Wand              |       |       |     4 |     2 |       ||     6
  Use: Scroll            |     2 |     6 |     5 |    14 |     6 ||    33
       Potion            |       |       |     5 |     2 |     1 ||     8
 Stab: Confused          |       |       |     1 |     4 |       ||     5
  Eat: Chunk             |     2 |     8 |     9 |    27 |     6 ||    52
       Fruit             |       |       |     6 |       |     1 ||     7
       Bread ration      |       |       |     1 |       |       ||     1
       Pizza             |       |       |     1 |       |       ||     1
       Royal jelly       |       |       |       |     2 |     1 ||     3
       Beef jerky        |       |       |       |     1 |       ||     1
